Map: Emerald City LE

Players

BarryBurton - Winner!

  • Race: Protoss Protoss
  • Spawn Location: 11:00

Wesker - Winner!

  • Race: Zerg Zerg
  • Spawn Location: 11:00

Massa

  • Race: Terran Terran
  • League: Platinum
  • Spawn Location: 5:00

qqq

  • Race: Zerg Zerg
  • Spawn Location: 5:00

VOD

Have the link to the VOD?

Description

Time

  • Played on: Jan. 31, 2021, 5:55 a.m.
  • Length: 6:18
Show
View Real Time Build Order
Export as new Build Order

BarryBurton Protoss - Winner!

Build Orders: Cannon Rush 

Get SALT Encoding   

  12  0:00  Probe  
  13  0:12  Probe  
  14  0:18  Pylon  
  14  0:24  Probe  
  15  0:36  Probe (Chrono Boost)  
  16  0:47  Probe (Chrono Boost), Forge  
  17  0:51  Probe (Chrono Boost)  
  18  1:03  Probe  
  19  1:06  Pylon  
  19  1:15  Probe  
  19  1:18  Gateway  
  20  1:26  Photon Cannon  
  20  1:36  Photon Cannon  
  20  1:48  Photon Cannon  
  20  1:54  Probe  
  20  1:58  Pylon  
  21  2:06  Assimilator  
  21  2:18  Photon Cannon  
  21  2:20  Photon Cannon  
  21  2:22  Photon Cannon  
  21  2:25  Pylon  
  20  2:37  Assimilator  
  20  2:47  Probe  
  21  2:51  Cybernetics Core  
  21  2:59  Probe  
  22  3:17  Pylon  
  22  3:29  Probe  
  23  3:34  Warp Gate (Chrono Boost)  
  23  3:37  Stargate  
  22  3:45  Probe  
  23  3:51  Nexus  
  23  4:02  Probe  
  24  4:12  Void Ray (Chrono Boost)  
  24  4:14  Probe  
  25  4:18  Gateway  
  29  4:33  Probe  
  30  4:39  Void Ray (Chrono Boost)  
  30  4:47  Pylon  
  30  4:50  Pylon  
  34  5:01  Probe  
  34  5:04  Pylon  
  35  5:09  Void Ray  
  39  5:25  Probe  
  39  5:26  Probe  
  41  5:33  Assimilator  
  41  5:37  Assimilator  
  41  5:38  Probe x2  
  43  5:50  Probe  
  48  5:57  Probe  
  48  6:02  Probe  
Show
View Real Time Build Order
Export as new Build Order

Wesker Zerg - Winner!

Build Orders: Hatch First 

Get SALT Encoding   

  12  0:00  Drone  
  13  0:10  Drone  
  14  0:17  Overlord  
  14  0:36  Drone x3  
  17  0:58  Hatchery  
  16  1:04  Spawning Pool  
  16  1:09  Extractor  
  16  1:10  Drone  
  15  1:20  Drone x2  
  17  1:36  Drone x2  
  19  1:51  Queen  
  19  1:53  Zergling x2  
  22  1:54  Overlord  
  22  2:13  Metabolic Boost  
  22  2:15  Zergling x6  
  24  2:20  Queen  
  27  2:36  Zergling x2  
  27  2:37  Zergling x6  
  31  2:48  Zergling x4  
  33  3:10  Zergling x2  
  33  3:11  Zergling x4  
  33  3:12  Overlord  
  35  3:24  Zergling x2  
  35  3:25  Overlord  
  35  3:44  Zergling x2  
  35  3:45  Zergling x8  
  35  3:46  Lair  
  40  3:49  Roach Warren  
  39  4:00  Zergling x2  
  39  4:01  Zergling x8  
  38  4:16  Zergling x2  
  38  4:17  Zergling x10  
  42  4:33  Zergling x2  
  42  4:34  Zergling x8  
  45  4:42  Zergling x2  
  45  4:45  Zergling x2  
  37  5:10  Zergling x16  
  37  5:37  Zergling x12  
  43  5:49  Zergling x2  
  37  5:50  Zergling x4  
  37  5:55  Drone  
Show
View Real Time Build Order
Export as new Build Order

Massa Terran 

Build Orders: Reaper Expand 

Get SALT Encoding   

  12  0:00  SCV  
  13  0:13  SCV  
  14  0:19  Supply Depot  
  14  0:27  SCV  
  15  0:41  SCV  
  16  0:43  Barracks  
  16  0:47  Refinery  
  16  0:53  SCV  
  17  1:06  SCV  
  18  1:19  SCV  
  19  1:32  Reaper  
  20  1:35  Command Center  
  20  1:37  SCV  
  21  1:45  Supply Depot  
  21  2:04  Marine  
  21  2:07  Orbital Command  
  22  2:32  Marine  
  23  2:51  Marine  
  24  2:59  Factory  
  24  3:04  Barracks  
  24  3:07  Barracks  
  24  3:08  Barracks  
  24  3:19  Marine  
  25  3:37  Marine  
  25  3:44  Factory Tech Lab  
  25  3:48  Orbital Command  
  25  3:54  Marine x2  
  25  3:55  Marine  
  24  4:06  Siege Tank  
  27  4:12  Marine x2  
  27  4:13  Marine  
  27  4:15  Bunker  
  30  4:20  Marine  
  30  4:22  SCV x2  
  33  4:29  Marine  
  33  4:30  Marine  
  35  4:32  Marine  
  35  4:34  SCV  
  35  4:38  SCV, Marine  
  37  4:46  SCV  
  37  4:47  Marine x2  
  37  4:49  Marine  
  37  4:51  SCV  
  38  5:06  Marine x2  
  38  5:07  Marine x2  
  36  5:11  SCV x2  
  35  5:23  SCV  
  35  5:24  Marine x2  
  35  5:26  Marine x2  
  39  5:37  Supply Depot  
  39  5:38  Supply Depot  
  39  5:39  Supply Depot x2  
  39  5:40  Supply Depot  
  39  5:45  Marine  
  39  5:46  Marine  
  39  5:48  Marine x2  
  37  6:03  SCV x2  
  45  6:13  Refinery  
Show
View Real Time Build Order
Export as new Build Order

qqq Zerg 

Build Orders: 3 Hatch before Pool 

Get SALT Encoding   

  12  0:04  Drone  
  13  0:13  Drone  
  14  0:20  Overlord  
  14  0:51  Hatchery  
  14  0:54  Drone x2  
  16  0:57  Drone  
  16  1:08  Drone  
  17  1:37  Drone x2, Hatchery  
  18  1:51  Extractor  
  18  1:52  Spawning Pool  
  17  2:07  Drone x2  
  17  2:08  Drone  
  20  2:14  Hatchery  
  19  2:36  Drone, Overlord  
  19  2:38  Queen  
  19  2:40  Zergling x2  
  23  2:51  Zergling x2  
  23  2:53  Drone, Queen  
  26  3:01  Drone  
  26  3:02  Zergling x2  
  28  3:13  Zergling x2  
  28  3:15  Metabolic Boost  
  28  3:17  Zergling x2  
  30  3:25  Zergling x2  
  31  3:30  Zergling x4  
  31  3:33  Queen  
  35  3:35  Drone  
  35  3:40  Zergling x2  
  35  3:41  Zergling x2  
  37  3:46  Zergling x2  
  37  3:47  Zergling x4  
  38  3:59  Zergling x2  
  38  4:00  Zergling x4  
  36  4:06  Spine Crawler  
  36  4:07  Spine Crawler, Zergling x2  
  31  4:11  Zergling x2  
  31  4:12  Zergling x4  
  34  4:18  Zergling x2  
  34  4:19  Zergling x4  
  31  4:34  Zergling x2  
  31  4:35  Zergling x4  
  31  4:36  Zergling x4  
  31  4:37  Zergling x2  
  29  4:46  Zergling x2  
  30  4:54  Zergling x4  
  29  5:03  Zergling x6  
  29  5:04  Zergling x2  
  27  5:15  Zergling x4  
  29  5:24  Zergling x2  
  29  5:25  Zergling x2  
  30  5:30  Overlord x2  
  28  5:37  Overlord  
Tags
 
Add a new tag
Caveats
  • Supply blocks, unpowered buildings, or Contaminate may cause inaccurate times.
  • Supply counts are checked every 10 seconds.